 Dungeon Crawl Stone Soup version 0.13.0-17-g5f0e85f (webtiles) character file.

477 Impy the Slasher (level 6, -3/46 HPs)
             Began as a Demonspawn Gladiator on Oct 21, 2013.
             Killed from afar by an orc wizard (5 damage)
             ... with a magic dart
             ... on Level 4 of the Dungeon.
             The game lasted 00:09:04 (2802 turns).

Impy the Slasher (Demonspawn Gladiator)             Turns: 2802, Time: 00:09:05

HP  -3/46        AC  7     Str 15      XL: 6   Next:  3%
MP   5/5         EV 12     Int 11      God:
Gold 203         SH  0     Dex 11 (14) Spells:  0 memorised,  5 levels left

Res.Fire  : . . .   See Invis. : .   a - +1 falchion
Res.Cold  : + . .   Warding    : .   b - +0 leather armour
Life Prot.: . . .   Conserve   : .   (no shield)
Res.Poison: .       Res.Corr.  : .   c - +0 helmet
Res.Elec. : .       Clarity    : .   (no cloak)
Sust.Abil.: . .     Spirit.Shd : .   (no gloves)
Res.Mut.  : .       Stasis     : .   e - +1 pair of boots
Res.Rott. : .       Flight     : .   g - amulet of the gourmand
Gourmand  : +                        (no ring)
                                     (no ring)

@: slightly resistant to hostile enchantments, very unstealthy
A: claws 1, cold resistance 1, conserve potions, AC +1
a: no special abilities


You were on level 4 of the Dungeon.
You were very full.

You visited 1 branch of the dungeon, and saw 4 of its levels.

You collected 183 gold pieces.

Inventory:

Hand weapons
 a - a +1,+1 falchion (weapon)
 t - a +0 blowgun
Missiles
 p - a throwing net [frayed] (quivered)
 C - a throwing net [torn]
Armour
 b - a +0 leather armour (worn)
 c - a +0 helmet (worn)
 e - a +1 pair of boots (worn)
Magical devices
 B - a wand of flame (10)
Comestibles
 f - 2 bread rations
 n - 15 sultanas
 r - an apple
 s - a choko
 w - 2 meat rations
 z - 13 grapes
Scrolls
 j - 3 scrolls of enchant weapon I
 l - 2 scrolls of remove curse
 u - a scroll of identify
Jewellery
 g - an amulet of the gourmand (around neck)
Potions
 m - a potion of brilliance


   Skills:
 - Level 2.0 Fighting
 + Level 4.7 Long Blades
 - Level 1.7 Throwing
 + Level 4.7 Dodging


You had 5 spell levels left.
You didn't know any spells.

Dungeon Overview and Level Annotations

Branches:
Dungeon (4/27)
 Temple: D:4-7

Altars:


Innate Abilities, Weirdness & Mutations

You have sharp fingernails.
You are partially covered in icy blue scales (AC +1).
Your flesh is cold resistant.
You are very good at protecting items from cold.


Message History

You hit the komodo dragon zombie but do no damage.
The komodo dragon zombie struggles against the net.
The helpless komodo dragon zombie fails to defend itself.
You slash the komodo dragon zombie!
You feel a little less agile now.
The komodo dragon zombie struggles against the net.
You hit the komodo dragon zombie but do no damage.
The komodo dragon zombie struggles against the net.
The net rips apart, and the komodo dragon zombie comes free!
The komodo dragon zombie closely misses you.
You hit the komodo dragon zombie. The komodo dragon zombie bites you.
You hit the komodo dragon zombie but do no damage.
You hit the komodo dragon zombie but do no damage.
The komodo dragon zombie bites you!
* * * LOW HITPOINT WARNING * * *
A komodo dragon zombie is nearby!
The orc wizard shouts!
The orc wizard gestures at you while chanting.
The magic dart hits you!
You die...

*,**,,,, ,,,..,** ***** *
**,,***** ..,,,,,, *** **
*,**,,* **.#,******,, ,, *
*,*#,,* *.#,# *,*** ,*
*.##..######.#.####**, *
*............z......,,*
*,* ***#..
##..%##,#*,***** **,*
#..##.###Z#.#*,* *** ,,*
#.....# #@..#*,****,,,,,**
#.##a.#*#.###*,**,,,,,,*,*
* *#?#...## *,**,** ,,,*
*,*#.##.##****,,,,* *,,,,*
*,,.S.....,,,,,**,***, ,,,
**##...,### **,**,, ,,,*,*
#.o#* *,**,*,*,,*,* #..#
*,,,,,,*, *,* #..#
****,***,,*,


You could see an orc wizard and a komodo dragon zombie.

Vanquished Creatures
  An orc priest (D:4)
  2 giant frog skeletons (D:4)
  A hound (D:4)
  An orc wizard (D:4)
  A scorpion (D:4)
  A worker ant (D:4)
  3 adders
  2 giant geckos (D:3)
  2 orcs (D:4)
  3 giant cockroaches
  8 goblins
  5 hobgoblins
  9 jackals
  2 quokkas (D:2)
  6 bats
  5 giant newts
  8 kobolds
  5 rats
65 creatures vanquished.

Notes
Turn   | Place    | Note
--------------------------------------------------------------
     0 | D:1      | Impy, the Demonspawn Gladiator, began the quest for the Orb.
     0 | D:1      | Reached XP level 1. HP: 17/17 MP: 0/0
   275 | D:1      | Reached skill level 3 in Dodging
   275 | D:1      | Gained mutation: Your flesh is cold resistant. [demonic ancestry]
   275 | D:1      | Reached XP level 2. HP: 20/23 MP: 1/1
   919 | D:2      | Gained mutation: You have sharp fingernails. [demonic ancestry]
   919 | D:2      | Reached XP level 3. HP: 28/28 MP: 2/2
  2118 | D:3      | Gained mutation: You are partially covered in icy blue scales (AC +1). [demonic ancestry]
  2118 | D:3      | Reached XP level 4. HP: 35/35 MP: 3/3
  2377 | D:4      | Reached skill level 4 in Long Blades
  2380 | D:4      | HP: 1/35 [orc priest/divine providence (10)]
  2381 | D:4      | Gained mutation: You are very good at protecting items from cold. [demonic ancestry]
  2381 | D:4      | Reached XP level 5. HP: 1/40 MP: 4/4
  2790 | D:4      | Reached XP level 6. HP: 18/46 MP: 5/5
  2801 | D:4      | HP: 2/46 [komodo dragon zombie (16)]
  2802 | D:4      | Killed from afar by an orc wizard

Action                   |  1- 3 |  4- 6 || total
-------------------------+-------+-------++-------
Melee: Falchion          |   169 |    89 ||   258
Throw: Throwing net      |     2 |     2 ||     4
Evoke: Wand              |       |     1 ||     1
  Use: Scroll            |     4 |     7 ||    11
       Potion            |       |     7 ||     7
 Stab: Held in net/web   |     1 |     2 ||     3
